[Event "Titled Tuesday Blitz June 6 Early 2023"]
[White "Orujov2008"]
[Black "Goltsev, Dmitry"]
[BlackFideId "24176710"]
[WhiteElo "2501"]
[BlackElo "2356"]
[Result "0-1"]
[Round "9"]
[TimeControl "180+2"]
[Date "2023.06.06"]
[WhiteClock "0:00:25"]
[BlackClock "0:00:13"]
[Board "45"]

1. e4 e6 2. d4 d5 3. Nd2 c5 4. exd5 exd5 5. Bb5+ Nc6 6. Ngf3 Nf6 7. O-O Be7 8. dxc5 Bxc5 9. Nb3 Bb6 10. Re1+ Be6 11. Nbd4 O-O 12. Nxe6 fxe6 13. Rxe6 Bxf2+ 14. Kxf2 Ne4+ 15. Kf1 Qb6 16. Qe2 Rae8 17. Rxe8 Rxe8 18. Be3 Ng3+ 19. hxg3 Rxe3 20. Qf2 Qxb5+ 21. Kg1 Re2 22. Qf1 Qc5+ 23. Kh2 Qxc2 24. Re1 Rxe1 25. Qxe1 Qe4 26. Qc3 h6 27. Qc5 d4 28. Qc4+ Kh7 29. b4 Qf5 30. b5 Ne5 31. Qxd4 Nxf3+ 32. gxf3 Qxf3 33. Qxa7 Qe2+ 34. Kh3 Qxb5 35. a4 Qc6 36. Qd4 h5 37. Qd3+ g6 38. Qd1 Kh6 39. Qd2+ g5 40. Qd1 Qe4 41. Qd6+ Kg7 42. Qc7+ Kf6 43. Qd6+ Qe6+ 0-1


[Site "https://www.chess.com"]

[Event "Titled Tuesday Blitz June 6 Early 2023"]
[White "Shuvalova, Polina"]
[Black "Pham, Le Thao Nguyen"]
[WhiteFideId "24171760"]
[BlackFideId "12401226"]
[WhiteElo "2281"]
[BlackElo "2286"]
[Result "1-0"]
[Round "9"]
[TimeControl "180+2"]
[Date "2023.06.06"]
[WhiteClock "0:00:41"]
[BlackClock "0:00:02"]
[Board "46"]

1. Nf3 d5 2. g3 c6 3. Bg2 Bf5 4. O-O e6 5. d3 Nf6 6. Nbd2 Be7 7. Qe1 h6 8. e4 Bh7 9. c3 dxe4 10. dxe4 O-O 11. Qe2 a5 12. Rd1 Qc7 13. a4 Na6 14. Nd4 Nc5 15. f3 Rfd8 16. Nc4 e5 17. Nf5 Nb3 18. Nxe7+ Qxe7 19. Rxd8+ Rxd8 20. Rb1 Nxc1 21. Rxc1 Qc5+ 22. Ne3 b5 23. Kf2 Bg6 24. Rc2 Ne8 25. axb5 cxb5 26. Rd2 Rxd2 27. Qxd2 Nd6 28. b4 axb4 29. cxb4 Qd4 30. Qxd4 exd4 31. Nd5 f5 32. e5 Nc4 33. f4 Bh5 34. Bf1 Kf7 35. Nc7 Nb2 36. Nxb5 d3 37. Ke3 Ke6 38. Bxd3 Nxd3 39. Kxd3 Kd5 40. Nc3+ Kc6 41. Kd4 Bf3 42. b5+ Kb6 43. Kc4 g6 44. Kb4 Bg2 45. Na4+ Kc7 46. Kc5 1-0


[Site "https://www.chess.com"]

[Event "Titled Tuesday Blitz June 6 Early 2023"]
[White "Manukyan, Sargis V."]
[Black "Nikologorsky, Matfei"]
[WhiteFideId "13303465"]
[BlackFideId "24102474"]
[WhiteElo "2236"]
[BlackElo "2153"]
[Result "1-0"]
[Round "9"]
[TimeControl "180+2"]
[Date "2023.06.06"]
[WhiteClock "0:00:12"]
[BlackClock "0:00:01"]
[Board "47"]

1. Nf3 d5 2. c4 dxc4 3. Na3 a6 4. Nxc4 b5 5. Nce5 Bb7 6. d4 Nd7 7. Bf4 Ngf6 8. e3 e6 9. Bd3 c5 10. O-O cxd4 11. exd4 Be7 12. Qe2 O-O 13. Rfe1 Rc8 14. Ng5 h6 15. Ngxf7 Qb6 16. Nxh6+ gxh6 17. Ng6 Rf7 18. Bxh6 Nf8 19. Ne5 Qxd4 20. Rad1 Qh4 21. Nxf7 Kxf7 22. Bxf8 Kxf8 23. Qxe6 Ng4 24. Qf5+ Nf6 25. Be4 Rc5 26. Rd8+ Bxd8 27. Qxc5+ Be7 28. Qe3 Bxe4 29. f3 Qh5 30. Kh1 Bd6 31. f4 Bc6 32. Qe6 Bxg2+ 33. Kxg2 Qg4+ 34. Qxg4 Nxg4 35. Kg3 Nf6 36. Kf3 Kf7 37. h4 Nd5 38. Rd1 Ke6 39. f5+ Ke5 40. h5 Nf6 41. h6 Bf8 42. Re1+ Kxf5 43. Rh1 Nh7 44. Ke3 Kg6 45. Kd4 Bxh6 46. Kc5 Nf6 47. Kb6 Bf8 48. Kxa6 b4 49. Kb5 Kf7 50. Rf1 Ke6 51. Re1+ Kd7 52. Rd1+ Bd6 53. Rf1 Ne4 54. Rd1 Ke6 55. Kc4 Nf6 56. Re1+ Kd7 57. Rd1 Ne4 58. Rd4 Nf6 59. Rh4 Kc6 60. Rh6 Nd7 61. Rh7 Nb6+ 62. Kb3 Kb5 63. a3 bxa3 64. bxa3 Bc5 65. Rh5 Kc6 66. a4 Bd6 67. Rh6 Kc7 68. a5 Nd5 69. Ka4 Nc3+ 70. Kb3 Nd5 71. Kc4 Ne3+ 72. Kb5 Nc2 73. Rh7+ Kb8 74. Kc6 Bb4 75. Kb6 Kc8 76. a6 Nd4 77. a7 1-0


[Site "https://www.chess.com"]

[Event "Titled Tuesday Blitz June 6 Early 2023"]
[White "Gabdushev, Ruslan"]
[Black "Hua, Lefong"]
[WhiteFideId "4137833"]
[BlackFideId "2602253"]
[WhiteElo "2233"]
[BlackElo "2639"]
[Result "1-0"]
[Round "9"]
[TimeControl "180+2"]
[Date "2023.06.06"]
[WhiteClock "0:00:05"]
[BlackClock "0:00:01"]
[Board "48"]

1. b3 Nf6 2. Bb2 g6 3. Bxf6 exf6 4. e3 Bg7 5. g3 O-O 6. Bg2 f5 7. d4 d6 8. Ne2 c6 9. c4 Nd7 10. Nbc3 Nf6 11. b4 a6 12. a4 h5 13. h4 Ng4 14. Nf4 Bd7 15. c5 d5 16. Bf3 Bf6 17. Rb1 Re8 18. Qd3 Qe7 19. O-O Bxh4 20. gxh4 Qxh4 21. Bxg4 fxg4 22. Ng2 Qg5 23. f4 Qf6 24. e4 dxe4 25. Nxe4 Qe7 26. Nd6 Rf8 27. f5 Qg5 28. Qe3 Qxe3+ 29. Nxe3 g5 30. Kf2 Kg7 31. Rh1 Rh8 32. Rh2 Rh6 33. Rbh1 Rah8 34. Nxb7 Rf6 35. Nd6 Rfh6 36. Kg3 f6 37. Nxg4 hxg4 38. Rxh6 Rxh6 39. Rxh6 Kxh6 40. Kxg4 Kg7 41. d5 cxd5 42. b5 axb5 43. axb5 1-0


[Site "https://www.chess.com"]

[Event "Titled Tuesday Blitz June 6 Early 2023"]
[White "Agibileg, Uurtsaikh"]
[Black "Yeritsyan, Hayk"]
[WhiteFideId "4901606"]
[BlackFideId "13307320"]
[WhiteElo "2353"]
[BlackElo "2461"]
[Result "1-0"]
[Round "9"]
[TimeControl "180+2"]
[Date "2023.06.06"]
[WhiteClock "0:01:23"]
[BlackClock "0:00:08"]
[Board "49"]

1. d4 Nf6 2. c4 e6 3. Nc3 d5 4. cxd5 exd5 5. Bg5 Be7 6. e3 c6 7. Bd3 O-O 8. Nge2 Nbd7 9. O-O Re8 10. f3 Nf8 11. Kh1 h6 12. Bh4 Nh5 13. Bf2 Bg5 14. e4 Nf4 15. Nxf4 Bxf4 16. e5 Bg5 17. g3 Bh3 18. Re1 Qd7 19. f4 Bd8 20. Re3 Bb6 21. Be2 Ne6 22. Rd3 Bf5 23. Rd2 Rad8 24. Bf3 Ba5 25. g4 Bxc3 26. bxc3 Be4 27. Bxe4 dxe4 28. f5 Ng5 29. Be3 Nf3 30. Rg2 Rxe5 31. Qc1 Ree8 32. Bxh6 gxh6 33. Qxh6 Qd6 34. f6 Qf8 35. Qh5 Rd5 36. g5 Re6 37. Rg3 Qd6 38. Rh3 Qxh2+ 39. Rxh2 Nxh2 40. Qh6 1-0


[Site "https://www.chess.com"]

[Event "Titled Tuesday Blitz June 6 Early 2023"]
[White "Yonal, Timur"]
[Black "Gubajdullin, Alexei"]
[WhiteFideId "44115725"]
[BlackFideId "4141202"]
[WhiteElo "1966"]
[BlackElo "2279"]
[Result "0-1"]
[Round "9"]
[TimeControl "180+2"]
[Date "2023.06.06"]
[WhiteClock "0:00:01"]
[BlackClock "0:00:43"]
[Board "50"]

1. e4 g6 2. d4 Bg7 3. Nc3 d6 4. Nf3 Nf6 5. g3 O-O 6. Bg2 a6 7. O-O Nbd7 8. Re1 e5 9. dxe5 Nxe5 10. Nxe5 dxe5 11. Bg5 Qd4 12. Bxf6 Bxf6 13. Nd5 Bd8 14. c3 Qxd1 15. Raxd1 c6 16. Ne3 Be6 17. b3 Bc7 18. Rd2 Rfd8 19. Red1 Rxd2 20. Rxd2 a5 21. c4 a4 22. b4 a3 23. Bf1 Rd8 24. Rxd8+ Bxd8 25. Kg2 b5 26. cxb5 cxb5 27. Nd5 Bd7 28. Kf3 f5 29. Ke3 Bc6 30. f3 Kf7 31. Kd3 g5 32. Ne3 fxe4+ 33. fxe4 g4 34. Nxg4 Ke6 35. Ne3 Be7 36. Bh3+ Kf7 37. Nc2 h5 38. Bf5 Kf6 39. Kc3 Kg5 40. Kb3 Bd8 41. Kxa3 Bb6 42. Ne1 Kf6 43. Kb3 Be8 44. Nf3 Bf7+ 45. Kb2 Be3 46. a3 Bc4 47. Kc2 Be2 48. Nd2 Bg1 49. h3 Bf2 50. g4 h4 51. Kc3 Kg5 52. Kc2 Kf4 53. Bd7 Be3 54. Bc6 Kg3 0-1


[Site "https://www.chess.com"]

[Event "Titled Tuesday Blitz June 6 Early 2023"]
[White "Sychev, Klementy"]
[Black "Ai, Evan"]
[WhiteFideId "4114060"]
[BlackFideId "2094770"]
[WhiteElo "2583"]
[BlackElo "1963"]
[Result "1-0"]
[Round "9"]
[TimeControl "180+2"]
[Date "2023.06.06"]
[WhiteClock "0:02:43"]
[BlackClock "0:02:30"]
[Board "51"]

1. e4 e5 2. Nf3 Nc6 3. Bb5 a6 4. Ba4 Nf6 5. O-O b5 6. Bb3 Be7 7. d4 Nxd4 8. Nxd4 exd4 9. e5 Ne4 10. Bd5 Nxf2 11. Rxf2 c6 12. Bxf7+ Kf8 13. Bb3+ Ke8 14. Qh5+ g6 15. Bf7+ Kf8 16. Qh6# 1-0


[Site "https://www.chess.com"]

[Event "Titled Tuesday Blitz June 6 Early 2023"]
[White "Atakhan, Abtin"]
[Black "Arat, Ufuk Sezen"]
[WhiteFideId "22502203"]
[BlackFideId "6309089"]
[WhiteElo "2008"]
[BlackElo "2289"]
[Result "1-0"]
[Round "9"]
[TimeControl "180+2"]
[Date "2023.06.06"]
[WhiteClock "0:00:03"]
[BlackClock "0:00:04"]
[Board "52"]

1. c4 e5 2. Nc3 Nf6 3. Nf3 Nc6 4. e3 d5 5. cxd5 Nxd5 6. Bb5 Nxc3 7. bxc3 Bd6 8. e4 Bg4 9. h3 Bh5 10. g4 Bg6 11. d3 a6 12. Bxc6+ bxc6 13. Qa4 O-O 14. Qxc6 Qf6 15. Ke2 h5 16. Rg1 Rab8 17. Be3 Rb2+ 18. Nd2 hxg4 19. hxg4 Qe6 20. Qxa6 Rfb8 21. f3 Qe8 22. Rab1 Ra8 23. Qc4 Raxa2 24. Rxb2 Rxb2 25. Ra1 Qd8 26. Ra2 Rxa2 27. Qxa2 Qh4 28. Nf1 Qh1 29. Bf2 Qg2 30. Qb1 Bc5 31. Ne3 Bxe3 32. Kxe3 Kh7 33. Ke2 f6 34. Qb7 Qh1 35. Qxc7 Qc1 36. Be3 Qc2+ 37. Bd2 Be8 38. Qb6 Ba4 39. Qg1 Kg8 40. g5 fxg5 41. Qxg5 Qd1+ 42. Kf2 Bb5 43. c4 Ba4 44. Be3 Qc2+ 45. Kg3 Qxd3 46. c5 Qf1 47. Qxe5 Bd1 48. Qe8+ Kh7 49. Qh5+ Kg8 50. Bf2 Qc4 51. Qd5+ Qxd5 52. exd5 Bb3 53. d6 Ba4 54. Kf4 Bc6 55. Ke5 Kf7 56. Bh4 Ke8 57. Ke6 Ba4 58. Kd5 Kd7 59. f4 Bc6+ 60. Ke5 Ba4 61. Kf5 Bc2+ 62. Ke5 Ba4 63. Bg5 Bc2 64. f5 Bb3 65. Be7 Bc2 66. Bf8 g6 67. f6 Bb3 68. Be7 g5 69. Kf5 Bf7 70. Kxg5 Kc6 71. Kh6 Kd7 72. Kg7 Ke8 73. d7+ 1-0


[Site "https://www.chess.com"]

[Event "Titled Tuesday Blitz June 6 Early 2023"]
[White "Chernomordik, Pavel"]
[Black "Itgelt, Khuyagtsogt"]
[WhiteFideId "2804530"]
[BlackFideId "4902912"]
[WhiteElo "2193"]
[BlackElo "2227"]
[Result "1-0"]
[Round "9"]
[TimeControl "180+2"]
[Date "2023.06.06"]
[WhiteClock "0:00:42"]
[BlackClock "0:00:05"]
[Board "53"]

1. e4 e6 2. Nc3 d5 3. d4 Bb4 4. Ne2 dxe4 5. a3 Be7 6. Nxe4 Nd7 7. N2c3 Ngf6 8. Bf4 Nd5 9. Bd2 O-O 10. Qf3 f5 11. Nxd5 exd5 12. Nc3 c6 13. O-O-O b5 14. Nxd5 Bd6 15. Nf4 Qb6 16. d5 Ne5 17. Qb3 c5 18. Qxb5 Ng4 19. Qxb6 axb6 20. Nh3 Bd7 21. f3 Ne5 22. Nf4 b5 23. Ne6 Rfc8 24. Bf4 b4 25. axb4 cxb4 26. Kd2 Ra2 27. Rb1 Ba4 28. Nd4 Nxf3+ 29. Ke3 Bxf4+ 30. Kxf3 Be5 31. Nc6 Bf6 32. Bc4 b3 33. d6+ Kf8 34. Na5 Rxb2 35. cxb3 Bc6+ 36. Nxc6 Rxb1 37. Rxb1 Rxc6 38. Rd1 Ke8 39. Bb5 Kd7 40. Bxc6+ Kxc6 41. d7 Bd8 42. Kf4 g6 43. Ke5 Kb5 44. Ke6 Kc6 45. Rc1+ Kb7 46. Rc8 1-0


[Site "https://www.chess.com"]

[Event "Titled Tuesday Blitz June 6 Early 2023"]
[White "Radzhabov, Rodion"]
[Black "Devaev, Alexander"]
[WhiteFideId "884715"]
[BlackFideId "4169395"]
[WhiteElo "2174"]
[BlackElo "2172"]
[Result "0-1"]
[Round "9"]
[TimeControl "180+2"]
[Date "2023.06.06"]
[WhiteClock "0:00:08"]
[BlackClock "0:00:29"]
[Board "54"]

1. e4 c6 2. Nc3 d5 3. Qe2 d4 4. Nd1 e5 5. g3 c5 6. d3 Nc6 7. f4 Nf6 8. Nf3 Bd6 9. Nf2 h6 10. Bg2 Qc7 11. O-O Be6 12. f5 Bd7 13. c4 Nh7 14. Bd2 Be7 15. h4 a6 16. Rac1 b5 17. b3 Rb8 18. g4 Qd8 19. cxb5 axb5 20. g5 hxg5 21. hxg5 Nxg5 22. Nxg5 Bxg5 23. Rxc5 Bxd2 24. Qxd2 Qh4 25. Nh3 Qe7 26. Rfc1 Rb6 27. Qg5 Qxg5 28. Nxg5 Ke7 29. a4 bxa4 30. bxa4 Ra8 31. Nf3 f6 32. Nh4 Rxa4 33. Ng6+ Ke8 34. Bf3 Rab4 35. Bh5 Kd8 36. Rd5 Rb1 37. Rxb1 Rxb1+ 38. Kg2 Nb4 39. Ra5 Rb2+ 40. Kg3 Ra2 41. Rxa2 Nxa2 42. Nf8 Nc1 43. Bf7 Nxd3 44. Be6 Be8 45. Bc4 Nc5 46. Kf3 Ke7 47. Ne6 Nxe6 48. Bxe6 Bh5+ 49. Kf2 g5 0-1


[Site "https://www.chess.com"]

[Event "Titled Tuesday Blitz June 6 Early 2023"]
[White "De La Colina, Nicolas"]
[Black "Aarav Dengla"]
[WhiteFideId "30946921"]
[BlackFideId "45059756"]
[WhiteElo "2046"]
[BlackElo "2288"]
[Result "1-0"]
[Round "9"]
[TimeControl "180+2"]
[Date "2023.06.06"]
[WhiteClock "0:00:03"]
[BlackClock "0:01:26"]
[Board "55"]

1. e4 c5 2. Nf3 d6 3. c3 Nf6 4. h3 g6 5. Bd3 Bg7 6. Bc2 O-O 7. d4 cxd4 8. cxd4 Nbd7 9. Nc3 e5 10. O-O b6 11. b3 Bb7 12. Ba3 exd4 13. Nxd4 Nc5 14. Re1 a6 15. Bb2 Rc8 16. Qd2 Re8 17. f3 Nh5 18. Rad1 Qh4 19. Nde2 Be5 20. b4 Ne6 21. Bb3 Nef4 22. Nd5 Bxd5 23. Bxd5 Nxe2+ 24. Rxe2 Nf4 25. Ree1 Qg3 26. Kf1 Nxh3 27. gxh3 Qxf3+ 28. Kg1 Qxh3 29. Bxe5 Rxe5 30. Re2 Rc3 31. Rf1 Rf3 32. Rxf3 Qxf3 33. Rf2 Rg5+ 34. Qxg5 Qd1+ 35. Kg2 1-0


[Site "https://www.chess.com"]

[Event "Titled Tuesday Blitz June 6 Early 2023"]
[White "Bas Mas, Jose Joaquin"]
[Black "Kashlinskaya, Alina"]
[WhiteFideId "22219064"]
[BlackFideId "4198026"]
[WhiteElo "2212"]
[BlackElo "2383"]
[Result "0-1"]
[Round "9"]
[TimeControl "180+2"]
[Date "2023.06.06"]
[WhiteClock "0:00:02"]
[BlackClock "0:00:06"]
[Board "56"]

1. d4 Nf6 2. Nc3 d5 3. Bf4 g6 4. e3 Bg7 5. h4 h5 6. Nf3 Bg4 7. Qd2 c6 8. Ne5 Bf5 9. f3 Nbd7 10. Be2 Qb6 11. O-O-O a5 12. Kb1 a4 13. Nxd7 Nxd7 14. e4 dxe4 15. fxe4 Be6 16. d5 cxd5 17. exd5 Bf5 18. Nb5 O-O 19. g4 hxg4 20. h5 Rfc8 21. Rc1 Ra5 22. Qb4 Nf6 23. hxg6 Bxg6 24. Rhd1 Ne4 25. Qxe7 Rxb5 26. Bxb5 Qxb5 27. Be5 Bxe5 28. Qxe5 Nc3+ 29. Ka1 Nxd1 30. Rxd1 Rxc2 31. Rh1 Bh7 32. Qg5+ Kf8 33. Qd8+ Qe8 34. Qd6+ Qe7 35. Qh6+ Ke8 36. Qxh7 Re2 37. Qh8+ Kd7 38. a3 Re1+ 39. Rxe1 Qxe1+ 40. Ka2 g3 41. Qf6 Qf2 42. Qh4 Qf3 43. Qxa4+ Kd6 44. Qb4+ Kd7 45. Qb5+ Kc7 46. Qc5+ Kd7 47. Qb5+ Kd8 48. Qb6+ Kc8 49. Qc5+ Kd8 50. Qb6+ Ke7 51. Qxb7+ Kd6 52. Qc6+ Ke5 53. Qc7+ Kd4 54. Qb6+ Kd3 55. Qb3+ Ke2 56. Qc2+ Ke1 57. Qc1+ Kf2 58. Qd2+ Qe2 59. Qf4+ Qf3 60. Qd4+ Kf1 61. d6 g2 62. d7 g1=Q 63. d8=Q Qxd4 64. Qxd4 f5 65. Qd2 f4 66. a4 Qe4 67. Qd1+ Kg2 68. Qg4+ Kh2 69. Qh4+ Kg2 70. Qg4+ Kf2 71. Qh4+ Ke2 72. Qh2+ Kd3 73. Qh3+ f3 74. Qf1+ Qe2 75. Qb1+ Qc2 76. Qf1+ Ke4 77. a5 Qa4+ 78. Kb1 Qxa5 79. Kc2 Qc5+ 80. Kd2 Qe3+ 81. Kd1 f2 82. Qe2 Kd4 83. Qg4+ Kd3 84. Qf5+ Kc4 85. Qc8+ Kb3 86. Qb7+ Ka2 87. Qa6+ Kb1 88. Qe2 Qd4+ 0-1


[Site "https://www.chess.com"]

[Event "Titled Tuesday Blitz June 6 Early 2023"]
[White "Goffredo_Fofi"]
[Black "Goryachkina, Aleksandra"]
[BlackFideId "4147103"]
[WhiteElo "2493"]
[BlackElo "2471"]
[Result "1-0"]
[Round "9"]
[TimeControl "180+2"]
[Date "2023.06.06"]
[WhiteClock "0:00:22"]
[BlackClock "0:00:01"]
[Board "57"]

1. d4 Nf6 2. Nf3 d5 3. Bf4 Bf5 4. c4 e6 5. e3 Bb4+ 6. Nc3 O-O 7. Bd3 dxc4 8. Bxc4 c5 9. O-O Bg4 10. h3 Bh5 11. dxc5 Nbd7 12. c6 bxc6 13. Be2 Nd5 14. Nxd5 cxd5 15. Ne5 Bxe2 16. Qxe2 Nxe5 17. Bxe5 Qb6 18. Rac1 Rac8 19. Qg4 f6 20. Bxf6 g6 21. Bd4 Qd6 22. Qg5 Qe7 23. Qe5 Rxc1 24. Rxc1 1-0


[Site "https://www.chess.com"]

[Event "Titled Tuesday Blitz June 6 Early 2023"]
[White "Jeet, Jain"]
[Black "Ljukin, Sergei"]
[WhiteFideId "5073022"]
[BlackFideId "14102200"]
[WhiteElo "2067"]
[BlackElo "2312"]
[Result "1-0"]
[Round "9"]
[TimeControl "180+2"]
[Date "2023.06.06"]
[WhiteClock "0:00:52"]
[BlackClock "0:00:10"]
[Board "58"]

1. Nf3 d5 2. d4 Nf6 3. Bf4 c5 4. e3 Nc6 5. Nbd2 Bf5 6. c3 e6 7. Nh4 Bg4 8. f3 Bh5 9. Bg5 h6 10. Bxf6 Qxf6 11. g3 g5 12. Ng2 Bd6 13. Be2 O-O-O 14. a4 e5 15. dxc5 Bxc5 16. b4 Be7 17. a5 d4 18. Ne4 Qe6 19. b5 dxc3 20. Qc2 Nb4 21. Qxc3+ Kb8 22. O-O Rc8 23. Qe1 Nc2 24. Qb1 Nxa1 25. Qxa1 f5 26. Nc3 e4 27. fxe4 Bxe2 28. Nxe2 Qxe4 29. b6 a6 30. Nd4 f4 31. gxf4 gxf4 32. Rxf4 Qg6 33. Nf5 Bc5 34. Qe5+ Ka8 35. h3 Rhg8 36. Rg4 Qh5 37. Rxg8 Rxg8 38. Qxc5 Qxh3 39. Qd5 Qg4 40. Nd6 Qg7 41. Kf2 Qe7 42. Qxg8+ 1-0


[Site "https://www.chess.com"]

[Event "Titled Tuesday Blitz June 6 Early 2023"]
[White "Lehtosaari, Mauri"]
[Black "Orlov, Georgi"]
[WhiteFideId "501999"]
[BlackFideId "2011271"]
[WhiteElo "2486"]
[BlackElo "2636"]
[Result "0-1"]
[Round "9"]
[TimeControl "180+2"]
[Date "2023.06.06"]
[WhiteClock "0:00:14"]
[BlackClock "0:00:39"]
[Board "59"]

1. d4 Nf6 2. Nf3 e6 3. Bg5 h6 4. Bh4 c5 5. e3 Qb6 6. Nbd2 d5 7. Rb1 Nc6 8. c3 Be7 9. Bd3 a6 10. O-O Qc7 11. Bg3 Bd6 12. dxc5 Bxg3 13. hxg3 a5 14. b4 axb4 15. cxb4 Rxa2 16. Nb3 O-O 17. Nbd4 e5 18. Nb5 Qe7 19. Be2 Bf5 20. Nd6 Bxb1 21. Qxb1 Rxe2 22. b5 Nd8 23. Rd1 Qe6 24. Nh4 Ng4 25. Rf1 d4 26. Nhf5 dxe3 27. fxe3 Nxe3 28. Nxe3 Rxe3 29. Nf5 Rb3 30. Qe4 Rxb5 31. Qg4 g5 32. Qh5 Kh7 33. Ne3 Rxc5 34. Nf5 Rc6 35. Ne3 Qg6 36. Qf3 Ne6 37. Nd5 Nd4 38. Qa3 Re8 39. Ne3 Kg7 40. g4 Rf6 41. Rc1 Ne2+ 0-1


[Site "https://www.chess.com"]

[Event "Titled Tuesday Blitz June 6 Early 2023"]
[White "Shapiro, Viktor"]
[Black "Iskusnyh, Sergei"]
[WhiteFideId "4175700"]
[BlackFideId "4120027"]
[WhiteElo "2212"]
[BlackElo "2492"]
[Result "0-1"]
[Round "9"]
[TimeControl "180+2"]
[Date "2023.06.06"]
[WhiteClock "0:00:31"]
[BlackClock "0:00:49"]
[Board "60"]

1. c4 e5 2. Nc3 Bb4 3. g3 Bxc3 4. bxc3 d6 5. Bg2 Nc6 6. Nf3 f5 7. d3 Nf6 8. O-O O-O 9. Rb1 Qe8 10. Ba3 b6 11. Nd2 Bd7 12. e3 Kh8 13. d4 e4 14. Qe2 Nd8 15. f3 Bc6 16. fxe4 Nxe4 17. Nxe4 Bxe4 18. Rb5 c5 19. Bxe4 Qxe4 20. Rf4 Qe6 21. e4 Nb7 22. Rb2 fxe4 23. Qxe4 Qxe4 24. Rxe4 Na5 25. d5 Rf3 26. Rbe2 h6 27. Kg2 Rxc3 28. Bb2 Rxc4 29. Re7 Rg8 30. Rxa7 Ra4 31. Re6 Kh7 32. Ree7 Rxa2 33. Rxg7+ Rxg7 34. Rxg7+ Kh8 35. Kh3 Rxb2 36. Rg6 Nc4 37. Rxh6+ Kg7 38. Rh4 b5 0-1


[Site "https://www.chess.com"]

[Event "Titled Tuesday Blitz June 6 Early 2023"]
[White "Gontcharov, Vladislav"]
[Black "Papayan, Oleg"]
[WhiteFideId "4123492"]
[BlackFideId "4193911"]
[WhiteElo "2420"]
[BlackElo "2167"]
[Result "1-0"]
[Round "9"]
[TimeControl "180+2"]
[Date "2023.06.06"]
[WhiteClock "0:01:27"]
[BlackClock "0:00:25"]
[Board "61"]

1. d4 Nf6 2. c4 e6 3. Nc3 Bb4 4. e3 O-O 5. Bd3 d5 6. Nf3 dxc4 7. Bxc4 c5 8. O-O Bxc3 9. bxc3 Qc7 10. Qe2 b6 11. Bd3 Nbd7 12. e4 e5 13. d5 Ne8 14. h3 Nd6 15. c4 a6 16. a4 Rb8 17. Bb2 f6 18. Rac1 Rf7 19. Nh2 Nf8 20. Ng4 Bd7 21. Ra1 Ng6 22. g3 h5 23. Ne3 Bxh3 24. Qxh5 Bxf1 25. Bxf1 Nf8 26. Bh3 Nxe4 27. Bf5 Nd6 28. Bc2 b5 29. axb5 axb5 30. cxb5 c4 31. Kg2 Nb7 32. Rh1 c3 33. Qh8# 1-0


[Site "https://www.chess.com"]

[Event "Titled Tuesday Blitz June 6 Early 2023"]
[White "MKlose11"]
[Black "Marcziter, Dmitrii"]
[BlackFideId "13900765"]
[WhiteElo "2555"]
[BlackElo "2162"]
[Result "0-1"]
[Round "9"]
[TimeControl "180+2"]
[Date "2023.06.06"]
[WhiteClock "0:00:59"]
[BlackClock "0:00:39"]
[Board "62"]

1. e4 c5 2. Nc3 Nc6 3. g3 g6 4. Bg2 Bg7 5. d3 d6 6. Be3 e6 7. Qd2 Qa5 8. Nge2 Nd4 9. Nc1 Ne7 10. O-O Nec6 11. Nb3 Qd8 12. Nd1 O-O 13. c3 Nxb3 14. axb3 Rb8 15. Bh6 b6 16. Bxg7 Kxg7 17. Ne3 h5 18. f4 f6 19. Nc2 Bb7 20. d4 Qc7 21. d5 exd5 22. exd5 Na5 23. Ra3 Rbe8 24. Ne3 a6 25. Kf2 Bc8 26. Qd3 b5 27. b4 cxb4 28. cxb4 Nc4 29. Nxc4 bxc4 30. Qd4 Re7 31. Rc3 Rfe8 32. Bf3 Bg4 33. Rxc4 Qd7 34. Kg2 Bh3+ 35. Kf2 Bxf1 36. Kxf1 Qh3+ 37. Bg2 Re1+ 38. Kf2 R8e2+ 0-1


[Site "https://www.chess.com"]

[Event "Titled Tuesday Blitz June 6 Early 2023"]
[White "Mogirzan, Matei-Valeriu"]
[Black "Omelja, Artem"]
[WhiteFideId "1257455"]
[BlackFideId "14119846"]
[WhiteElo "1733"]
[BlackElo "2404"]
[Result "0-1"]
[Round "9"]
[TimeControl "180+2"]
[Date "2023.06.06"]
[WhiteClock "0:00:05"]
[BlackClock "0:01:02"]
[Board "63"]

1. e4 c5 2. Nf3 Nc6 3. d4 cxd4 4. c3 d5 5. exd5 Qxd5 6. cxd4 e6 7. Nc3 Bb4 8. Bd2 Bxc3 9. bxc3 Nf6 10. Bd3 O-O 11. O-O h6 12. Qe2 b6 13. Ne5 Bb7 14. f4 Rac8 15. Rf3 Nxd4 16. cxd4 Qxd4+ 17. Be3 Qxa1+ 18. Rf1 Qc3 19. g4 Rfd8 20. Bb1 Ba6 21. Qxa6 Qxe3+ 22. Kh1 Rc1 23. g5 Rxb1 0-1


[Site "https://www.chess.com"]

[Event "Titled Tuesday Blitz June 6 Early 2023"]
[White "Malyi, Viacheslav"]
[Black "LeoLV10"]
[WhiteFideId "14123983"]
[WhiteElo "2291"]
[BlackElo "2436"]
[Result "1-0"]
[Round "9"]
[TimeControl "180+2"]
[Date "2023.06.06"]
[WhiteClock "0:00:26"]
[BlackClock "0:00:10"]
[Board "64"]

1. e4 c6 2. d4 d5 3. Nc3 dxe4 4. Nxe4 Nf6 5. Nxf6+ exf6 6. Nf3 Bd6 7. Bd3 O-O 8. O-O Re8 9. Re1 Nd7 10. Rxe8+ Qxe8 11. Qe2 Qxe2 12. Bxe2 Nf8 13. c4 Be6 14. Bd2 Rd8 15. Bc3 Bc7 16. Rd1 Ng6 17. g3 Ne7 18. Kg2 Nf5 19. b3 Nd6 20. Bd3 Bf5 21. Bxf5 Nxf5 22. Re1 h5 23. h3 g6 24. g4 hxg4 25. hxg4 Nh6 26. Re7 Bd6 27. Rxb7 Nxg4 28. Rxa7 Re8 29. Kf1 Re4 30. Ra6 Rf4 31. Kg2 Re4 32. Rxc6 Bf4 33. Kf1 Bc1 34. a4 Rf4 35. Kg2 Re4 36. a5 Re2 37. Be1 Ne3+ 38. Kg1 Nf5 39. a6 Ra2 40. b4 Bb2 41. b5 Bxd4 42. Nxd4 Nxd4 43. Rc7 Nf3+ 44. Kf1 Ra1 45. a7 Kg7 46. b6 g5 47. b7 g4 48. Ke2 Rxe1+ 49. Kd3 Rd1+ 50. Kc2 Rd2+ 51. Kc1 Rxf2 52. b8=Q Rf1+ 53. Kb2 Rf2+ 54. Ka3 Ng5 55. a8=Q g3 56. Rc8 g2 57. Rg8+ Kh6 58. Rxg5 fxg5 59. Qg3 Rd2 60. Qaxg2 Rxg2 61. Qxg2 f5 62. c5 1-0


[Site "https://www.chess.com"]

[Event "Titled Tuesday Blitz June 6 Early 2023"]
[White "Hajiyev, Kanan"]
[Black "MunichMouse"]
[WhiteFideId "13404148"]
[WhiteElo "2115"]
[BlackElo "2305"]
[Result "1-0"]
[Round "9"]
[TimeControl "180+2"]
[Date "2023.06.06"]
[WhiteClock "0:00:15"]
[BlackClock "0:00:01"]
[Board "65"]

1. d4 Nf6 2. Nf3 g6 3. c4 Bg7 4. g3 d6 5. Bg2 O-O 6. O-O Nbd7 7. b4 Ne4 8. Bb2 c5 9. Nbd2 Nxd2 10. Qxd2 cxb4 11. Qxb4 Qb6 12. Qb3 a5 13. Rac1 a4 14. Qb5 a3 15. Ba1 Qxb5 16. cxb5 Ra5 17. Rb1 Nb6 18. Bc3 Ra4 19. Rb4 Ra8 20. e4 Bd7 21. Nd2 Rfc8 22. Ba1 Rc2 23. Nb3 Ra4 24. Rxa4 Nxa4 25. e5 Bxb5 26. Rc1 Rxc1+ 27. Nxc1 dxe5 28. dxe5 Bc6 29. Nd3 f6 30. Bxc6 bxc6 31. Nb4 fxe5 32. Nc2 e4 33. Bxg7 Kxg7 34. Nxa3 Nc3 35. Kf1 Kf6 36. Nc4 Nxa2 37. Ke2 1-0


[Site "https://www.chess.com"]